 Dungeon Crawl Stone Soup version 0.28-a0-1152-g9c71ebef14 (webtiles) character file.

Game seed: 13916599667232134419

4811 kae the Severer (level 10, -2/77 HPs)
             Began as a Hill Orc Fighter on Dec 14, 2021.
             Was a Believer of Qazlal.
             Slain by a merfolk (shapeshifter) (16 damage)
             ... on level 8 of the Dungeon.
             The game lasted 00:07:58 (10189 turns).

kae the Severer (Hill Orc Fighter)                 Turns: 10189, Time: 00:07:59

Health: -2/77      AC: 10    Str: 24    XL:     10   Next: 48%
Magic:  17/17      EV:  9    Int:  8    God:    Qazlal [**....]
Gold:   355        SH:  7    Dex: 10    Spells: 9/9 levels left

rFire   . . .      SeeInvis .   l - +0 broad axe
rCold   . . .      Faith    .   c - +0 buckler
rNeg    . . .      Spirit   .   b - +0 scale mail
rPois   .          Reflect  .   (no helmet)
rElec   .          Harm     .   (no cloak)
rCorr   .          Rampage  .   i - +2 pair of gloves
Will    .....                   (no boots)
Stlth   ..........              (no amulet)
HPRegen 0.22/turn               (no ring)
MPRegen 0.15/turn               (no ring)

@: no status effects
A: no striking features
a: Renounce Religion, Upheaval


You were on level 8 of the Dungeon.
You worshipped Qazlal.
Qazlal was pleased with you.
You visited 2 branches of the dungeon, and saw 9 of its levels.
You also visited: Sewer and Ossuary.

You collected 355 gold pieces.

Inventory:

Hand Weapons
 a - a +1 war axe
 l - a +0 broad axe (weapon)
Armour
 b - a +0 scale mail (worn)
 c - a +0 buckler (worn)
 i - a +2 pair of gloves (worn)
Wands
 o - a wand of charming (10)
Scrolls
 j - 3 scrolls of fear
 k - a scroll of summoning
 p - a scroll of enchant weapon
 q - 2 scrolls of amnesia
 r - a scroll of enchant armour
 t - 2 scrolls of identify
 v - a scroll of teleportation
Potions
 d - 3 potions of might
 e - 14 potions of degeneration
 f - 4 potions of heal wounds
 g - a potion of berserk rage {unknown}
 h - 2 potions of lignification
 m - 4 potions of mutation
 n - a potion of flight {unknown}


   Skills:
 - Level 3.6 Fighting
 + Level 16.6 Axes
 - Level 3.2 Armour
 - Level 4.0 Shields
 + Level 9.7 Invocations


You had 9 spell levels left.
You didn't know any spells.
Your spell library contained the following spells:

 Spells                   Type           Power      Damage    Failure   Level
 Magic Dart               Conj           0%         1d3       71%         1
 Slow                     Hex            0%         N/A       71%         1
 Blink                    Tloc           0%         N/A       85%         2
 Call Imp                 Summ           0%         N/A       85%         2
 Confusing Touch          Hex            0%         N/A       97%         3
 Lesser Beckoning         Tloc           0%         N/A       97%         3
 Mephitic Cloud           Conj/Pois/Air  0%         N/A       97%         3
 Vampiric Draining        Necr           0%         2d6       97%         3
 Manifold Assault         Tloc           0%         N/A       100%        5


Dungeon Overview and Level Annotations

Branches:
Dungeon (8/15)             Temple (1/1) D:6           Sewer (visited)
Ossuary (visited)
   Lair: D:8-11

Altars:
Ashenzari
Cheibriados
Dithmenos
Elyvilon
Fedhas
Gozag
Hepliaklqana
Kikubaaqudgha
Makhleb
Nemelex Xobeh
Okawaru
Qazlal
Ru
Sif Muna
Trog
Uskayaw
Vehumet
Wu Jian
Xom
Yredelemnul
Zin
The Shining One

Shops:
D:4 [


Message History

You are too injured to fight recklessly!
You are too injured to fight recklessly!
You are too injured to fight recklessly!
You are too injured to fight recklessly!
You hit the merfolk.
The merfolk is lightly wounded.
You hit the merfolk.
The merfolk is moderately wounded.
The merfolk barely misses you.
You closely miss the merfolk.
The merfolk is moderately wounded.
You block the merfolk's attack.
You hit the merfolk.
The merfolk is moderately wounded.
The merfolk hits you.
You hit the merfolk.
The merfolk is moderately wounded.
You closely miss the merfolk.
The merfolk is moderately wounded.
The merfolk hits you!
You slash the merfolk!
The merfolk is heavily wounded.
You block the merfolk's attack.
You hit the merfolk.
The merfolk is heavily wounded.
The merfolk hits you!
* * * LOW HITPOINT WARNING * * *
You barely miss the merfolk.
The merfolk is heavily wounded.
You hit the merfolk.
The merfolk is heavily wounded.
The merfolk barely misses you.
You barely miss the merfolk.
The merfolk is heavily wounded.
The merfolk hits you.
* * * LOW HITPOINT WARNING * * *
You miss the merfolk.
The merfolk is heavily wounded.
The merfolk hits you!
You die...

.................................
.................................
##.#.............................
#.#...........#.................
#.#...........#^.........#######
#.#...........#..........#
#.#...........#.........?#
##.#...........#.○....>...#
...#.......)...#@°........#
##<#.......#####m.........#
###.......# #........ #.......#
#........ ######### #........
#........ #........ # #........ #


You could see a merfolk shaped shifter.

Vanquished Creatures
  Prince Ribbit (D:8)
  A slime creature (D:8)
  A shadow (D:8)
  A wyvern (D:7)
  5 water moccasins
  Pargi (Sewer)
  An orc warrior (D:7)
  2 ice beasts
  3 sky beasts
  A black bear (D:6)
  4 necrophages
  3 ogres
  A phantom (D:6)
  3 kobold brigands
  A gnoll sergeant (D:7)
  5 bullfrogs
  A wyvern zombie (D:7)
  4 scorpions (D:6)
  2 elf skeletons (D:6)
  6 killer bees
  A human zombie (Ossuary)
  4 jellies (D:8)
  A gnoll shaman (D:6)
  5 orc priests
  2 hounds
  A human skeleton (D:6)
  2 iguanas
  5 orc wizards
  5 mummies (Ossuary)
  6 gnolls
  A howler monkey skeleton (D:7)
  8 adders
  3 white imps
  An ufetubus (D:7)
  3 worms (D:3)
  3 adder skeletons (D:4)
  A dart slug (D:4)
  10 orcs
  7 ball pythons
  7 bats
  21 endoplasms
  5 giant cockroaches
  A gnoll zombie (Ossuary)
  11 goblins
  12 hobgoblins
  7 quokkas
  9 frilled lizards
  A goblin zombie (Ossuary)
  2 hobgoblin zombies (Ossuary)
  15 kobolds
  A kobold zombie (Ossuary)
  An orc skeleton (D:6)
  4 orc zombies
  5 rats
218 creatures vanquished.

Vanquished Creatures (others)
  7 fungi (D:8)
  5 plants (D:1)
12 creatures vanquished.

Grand Total: 230 creatures vanquished

Notes
Turn   | Place    | Note
-------+----------+-------------------------------------------
     0 | D:1      | kae the Hill Orc Fighter began the quest for the Orb.
     0 | D:1      | Reached XP level 1. HP: 19/19 MP: 1/1
    58 | D:1      | Reached skill level 3 in Axes
   137 | D:1      | Reached XP level 2. HP: 26/26 MP: 2/2
   198 | D:1      | Reached skill level 4 in Axes
   528 | D:1      | Reached XP level 3. HP: 31/31 MP: 3/3
  1229 | D:2      | Reached skill level 5 in Axes
  1256 | D:2      | Reached XP level 4. HP: 24/39 MP: 4/4
  2046 | D:2      | Reached skill level 6 in Axes
  2046 | D:2      | Reached XP level 5. HP: 39/45 MP: 5/5
  2140 | D:3      | Reached skill level 7 in Axes
  2298 | D:3      | Found a shimmering altar of Xom.
  2440 | D:3      | Found a shadowy altar of Dithmenos.
  2501 | D:3      | Found an ornate altar of the Wu Jian Council.
  2505 | D:3      | Reached XP level 6. HP: 51/51 MP: 6/6
  2968 | D:4      | Reached skill level 8 in Axes
  3174 | D:4      | Found a glowing drain.
  3194 | Sewer    | Entered a sewer
  3373 | Sewer    | Noticed Pargi
  3380 | Sewer    | Killed Pargi
  3381 | Sewer    | Reached skill level 9 in Axes
  3381 | Sewer    | Reached XP level 7. HP: 48/57 MP: 7/7
  3648 | D:4      | Found a snail-covered altar of Cheibriados.
  3895 | D:4      | Found a sacrificial altar of Ru.
  3896 | D:4      | Found a hide-covered altar of Uskayaw.
  3897 | D:4      | Found a radiant altar of Vehumet.
  4117 | D:4      | Found Kicaunk's Armour Emporium.
  4267 | D:5      | Entered Level 5 of the Dungeon
  4283 | D:5      | Reached skill level 10 in Axes
  4538 | D:5      | Reached skill level 11 in Axes
  4612 | D:5      | Found a blossoming altar of Fedhas.
  4643 | D:5      | Reached XP level 8. HP: 64/64 MP: 8/8
  4677 | D:5      | Reached skill level 12 in Axes
  5296 | D:6      | Found a sand-covered staircase.
  5309 | D:6      | Reached skill level 13 in Axes
  5317 | Ossuary  | Entered an ossuary
  5893 | D:6      | Reached skill level 14 in Axes
  5962 | D:6      | Reached XP level 9. HP: 58/70 MP: 9/9
  6386 | D:6      | Found a staircase to the Ecumenical Temple.
  6417 | Temple   | Entered the Ecumenical Temple
  6482 | Temple   | Became a worshipper of Qazlal Stormbringer
  6547 | D:6      | Reached skill level 15 in Axes
  7400 | D:7      | Reached skill level 16 in Axes
  7400 | D:7      | Reached skill level 1 in Invocations
  7501 | D:7      | Reached skill level 5 in Invocations
  7850 | D:7      | Reached XP level 10. HP: 77/77 MP: 13/15
  7852 | D:7      | Reached * piety under Qazlal
  8601 | D:7      | Found a shimmering blue altar of Sif Muna.
  9051 | D:8      | Noticed Prince Ribbit
  9064 | D:8      | Killed Prince Ribbit
  9899 | D:8      | Reached ** piety under Qazlal
 10170 | D:8      | Noticed a salamander
 10171 | D:8      | a salamander changed into a merfolk
 10189 | D:8      | Slain by a merfolk (shapeshifter)

Illustrated notes

Levels and vault maps discovered:
D:1:      ncdulo_halloftheorcs, layout_loops_ring, serial_forest,
          infiniplex_forest_clump_small, infiniplex_forest_straight_2,
          infiniplex_forest_corner_1, infiniplex_forest_lined_ring,
          infiniplex_forest_lined_1, infiniplex_forest_lined_corner,
          infiniplex_forest_clump_small, infiniplex_forest_clump_curved,
          infiniplex_forest_clump_diagonal
D:2:      layout_rooms, kennysheep_generic_room_6
D:3:      layout_loops_ring, lemuel_crystal_altar,
          nicolae_dithmenos_through_a_glass_darkly, old_standard_altar,
          ebering_dispersal_statue_hall
D:4:      layout_loops_corners, kennysheep_slug_shrine,
          chequers_temple_overflow_statue_of_worship, portal_sewer_entry_f,
          serial_shops, kennysheep_little_box
D:5:      wad_pebble_path, layout_gridville, mainiacjoe_overflow_paths
D:6:      layout_loops_ring, minmay_temple_entry_offerings,
          nicolae_ossuary_entry_catacombs, kennysheep_generic_room_4
D:7:      minmay_skewed_foursquare, layout_cave_pools, led_sif_pool
D:8:      lemuel_slime, layout_basic, uniq_prince_ribbit1
Temple:   cyrus_circular_temple

Skill      XL: |  1  2  3  4  5  6  7  8  9 10 |
---------------+-------------------------------+-----
Axes           | 3 4 5 6 7 9 11 14 16 | 16.6
Shields        | 4 |  4.0
Invocations    | 6 9 |  9.7
Fighting       | |  3.6
Armour         | |  3.2

Action                   |  1- 3 |  4- 6 |  7- 9 | 10-12 || total
-------------------------+-------+-------+-------+-------++-------
Melee: War axe           |   117 |   147 |   365 |    48 ||   677
       Broad axe         |       |       |       |   137 ||   137
  Use: Scroll            |     1 |     6 |    10 |     2 ||    19
       Potion            |       |     1 |       |     2 ||     3
Armor: Scale mail        |    62 |    60 |   107 |    55 ||   284
Dodge: Dodged            |    56 |    54 |   108 |    61 ||   279
Block: Buckler           |    38 |    21 |    54 |    50 ||   163

Table legend: (Time is in decaauts)
 A = Elapsed time spent in this place.
 B = Non-inter-level travel time spent in this place.
 C = Inter-level travel time spent in this place.
 D = Time resting spent in this place.
 E = Time spent auto-exploring this place.
 F = Levels seen in this place.
 G = Mean time per level.
                   A        B        C        D        E       F      G
               +--------+--------+--------+--------+--------+-----+--------+
         Total |  10151 |   9769 |    382 |    963 |   7304 |  11 |  922.8 |
       Dungeon |   9432 |   9072 |    360 |    957 |   6797 |   8 | 1179.0 |
        Temple |     73 |     52 |     21 |      0 |     42 |   1 |   73.0 |
         Sewer |    294 |    294 |      0 |      0 |    224 |   1 |  294.0 |
       Ossuary |    350 |    350 |      0 |      6 |    241 |   1 |  350.0 |
               +--------+--------+--------+--------+--------+-----+--------+

Top non-repeatable levels by time:
     D:6: 1658 daAuts
     D:8: 1489 daAuts
     D:7: 1319 daAuts
     D:4: 1090 daAuts
     D:1: 1076 daAuts
     D:2: 982 daAuts
     D:5: 929 daAuts
     D:3: 887 daAuts
 Ossuary: 350 daAuts
   Sewer: 294 daAuts
  Temple: 73 daAuts
